 Dungeon Crawl Stone Soup version 0.20.0-8-g6b59dc7 (webtiles) character file.

506 nikopol the Ruffian (level 6, -6/59 HPs)
             Began as a Troll Warper on May 30, 2017.
             Was a Follower of Uskayaw.
             Killed by divine providence
             ... invoked by an orc priest
              (12 damage)
             ... on level 4 of the Dungeon.
             The game lasted 00:12:46 (3265 turns).

nikopol the Ruffian (Troll Warper)                  Turns: 3265, Time: 00:12:46

Health: -6/59      AC:  5    Str: 21    XL:     6   Next: 97%
Magic:  5/7        EV: 11    Int:  9    God:    Uskayaw [*.....]
Gold:   118        SH:  0    Dex: 10    Spells: 4/8 levels left

rFire    . . .     SeeInvis .     - Unarmed
rCold    . . .     Gourm    +   (no shield)
rNeg     . . .     Faith    .   a - +0 robe
rPois    .         Spirit   .   (helmet restricted)
rElec    .         Reflect  .   (no cloak)
rCorr    .         Harm     .   (gloves unavailable)
MR       .....                  (boots unavailable)
Stlth    ++........             (no amulet)
Regen    0.6/turn               v - ring of stealth
MPRegen  0.1/turn               (no ring)

@: confused, lethally poisoned (-6 -> -8)
A: unfitting armour, claws 3, fast metabolism 3, gourmand, regeneration 1,
shaggy fur 1, tough skin 2
a: Stomp, Renounce Religion


You were on level 4 of the Dungeon.
You worshipped Uskayaw.
Uskayaw was noncommittal.
You were not hungry.

You visited 1 branch of the dungeon, and saw 4 of its levels.

You collected 118 gold pieces.

Inventory:

Missiles
 d - 5 tomahawks of dispersal (quivered)
 o - 12 tomahawks
Armour
 a - a +0 robe (worn)
Jewellery
 v - a ring of stealth (left claw)
 y - an uncursed amulet of guardian spirit {unknown}
Wands
 u - a wand of polymorph (17/24)
 z - a wand of digging (12/24)
Scrolls
 c - 2 scrolls of blinking
 g - 2 scrolls of remove curse {unknown}
 j - a scroll of teleportation {unknown}
 k - 4 scrolls of identify {unknown}
 l - 2 scrolls of fear {unknown}
 m - a scroll of enchant armour {unknown}
 n - a scroll of immolation {unknown}
 s - a scroll of magic mapping {unknown}
 t - a scroll of recharging {unknown}
Potions
 e - a potion of brilliance {unknown}
 h - a potion of magic {unknown}
 p - a potion of resistance
 q - a potion of mutation {unknown}
 r - a potion of curing {unknown}
 w - a potion of agility {unknown}
 x - a potion of flight {unknown}
Books
 b - a book of Spatial Translocations

   Spells                             Type                      Level
   a - Blink                          Translocation                2
   b - Shroud of Golubria             Charms/Translocation         2
   c - Lesser Beckoning               Translocation                3
   d - Gell's Gravitas                Translocation                3
   e - Teleport Other                 Translocation                3
   f - Passage of Golubria            Translocation                4
Comestibles
 f - 3 bread rations
 i - 7 fruits


   Skills:
 + Level 2.4 Fighting
 + Level 0.8 Throwing
 + Level 3.4 Dodging
 + Level 1.0 Stealth
 + Level 5.5 Unarmed Combat
 + Level 1.5 Spellcasting
 + Level 2.3 Translocations


You had 4 spell levels left.
You knew the following spells:

 Your Spells              Type           Power        Failure   Level  Hunger
a - Blink                 Tloc           N/A          21%         2    ###....
b - Shroud of Golubria    Chrm/Tloc      #.........   32%         2    ###....


Dungeon Overview and Level Annotations

Branches:
Dungeon (4/15)
 Temple: D:4-7

Altars:
Dithmenos
Gozag
Hepliaklqana
Okawaru
Sif Muna
Uskayaw
Yredelemnul


Innate Abilities, Weirdness & Mutations

You are too large for most types of armour.
You have claws for hands.
Your metabolism is lightning-fast.
You like to eat raw meat.
Your natural rate of healing is unusually fast.
You are covered in fur. (AC +1)
You have very tough skin. (AC +2)


Message History

The orc's wounds heal themselves!
You closely miss something.
You feel sick. The worker ant bites you. The orc hits you with a whip of pain.
* * * LOW HITPOINT WARNING * * *
Something hits you.
* * * LOW HITPOINT WARNING * * *
The orc closely misses you.
You're too confused to cast spells.
You're too confused to cast spells.
You bump into the rock wall.
You feel sick. The worker ant bites you.
* * * LOW HITPOINT WARNING * * *
The orc hits you with a whip of pain.
* * * LOW HITPOINT WARNING * * *
You hear some strange, mumbled words.
Something tries to affect you, but you resist.
The orc barely misses you. The worker ant barely misses you.
You miss the orc.
You feel sick.
The orc priest mumbles some strange prayers to Beogh against you.
Beogh smites you!
You die...

#..... ### # #.####
..#.# #.# # #.#.# #.# #.
#.#.# #.####
####.##...#.# #.....
.......o.o#.# ##.....
......{o#.#.# #......
......#@#.#.####.#......
......a.o........#......
......#.#.#.######......
........#.#......#......
#.#.#...................
# #$#####.#..###.###....
# ...#......#######
#####.............
#..###########


You could see a worker ant, an orc priest and 2 orcs.

Vanquished Creatures
  A hungry ghost (D:4)
  A phantom (D:3)
  The ghost of Dirian the Shield-Bearer, a weakling MiFi (D:3)
  An orc priest (D:3)
  An orc wizard (D:4)
  8 adders
  An ooze (D:2)
  A worm (D:3)
  2 dart slugs
  8 leopard geckos
  9 orcs
  12 giant cockroaches
  10 goblins
  10 hobgoblins
  2 quokkas (D:3)
  6 bats
  3 frilled lizards
  10 kobolds
  5 rats
92 creatures vanquished.

Notes
Turn   | Place    | Note
-------+----------+-------------------------------------------
     0 | D:1      | nikopol the Troll Warper began the quest for the Orb.
     0 | D:1      | Reached XP level 1. HP: 19/19 MP: 1/1
   144 | D:1      | Reached XP level 2. HP: 27/28 MP: 2/2
   359 | D:1      | Learned a level 2 spell: Blink
   371 | D:1      | Reached XP level 3. HP: 28/35 MP: 4/4
   910 | D:2      | Reached XP level 4. HP: 39/42 MP: 5/5
   917 | D:2      | Reached skill level 3 in Unarmed Combat
  1073 | D:2      | Found a deep blue altar of Sif Muna.
  1076 | D:2      | Found an opulent altar of Gozag.
  1079 | D:2      | Found a hide-covered altar of Uskayaw.
  1106 | D:2      | Found a basalt altar of Yredelemnul.
  1373 | D:3      | Noticed a phantom
  1387 | D:3      | Killed a phantom
  1387 | D:3      | Reached skill level 4 in Unarmed Combat
  1387 | D:3      | Reached XP level 5. HP: 49/49 MP: 6/6
  1435 | D:3      | Noticed Dirian's ghost (weakling MiFi)
  1454 | D:3      | Killed Dirian's ghost
  1563 | D:3      | Learned a level 2 spell: Shroud of Golubria
  1650 | D:3      | Reached XP level 6. HP: 50/57 MP: 7/7
  1840 | D:3      | Found a hazy altar of Hepliaklqana.
  1841 | D:3      | Found a shadowy altar of Dithmenos.
  1914 | D:3      | Found a faded altar of an unknown god.
  2079 | D:2      | Found an opulent altar of Gozag.
  2081 | D:2      | Found a hide-covered altar of Uskayaw.
  2081 | D:2      | Found a deep blue altar of Sif Muna.
  2085 | D:2      | Became a worshipper of Uskayaw the Reveler
  2124 | D:2      | Found a basalt altar of Yredelemnul.
  2407 | D:2      | Reached * piety under Uskayaw
  2885 | D:4      | Noticed a hungry ghost
  2915 | D:4      | Killed a hungry ghost
  2915 | D:4      | Reached skill level 5 in Unarmed Combat
  2915 | D:4      | Reached ** piety under Uskayaw
  3080 | D:4      | Reached skill level 1 in Stealth
  3137 | D:4      | Found an iron altar of Okawaru.
  3265 | D:4      | Killed from afar by an orc priest

Skill      XL: |  1  2  3  4  5  6 |
---------------+-------------------+-----
Dodging        | 2 3 |  3.4
Fighting       | 2 |  2.4
Unarmed Combat | 4 5 |  5.5
Stealth        | 1 |  1.0
Throwing       | |  0.8
Spellcasting   | |  1.5
Translocations | |  2.3

Action                   |  1- 3 |  4- 6 || total
-------------------------+-------+-------++-------
Melee: Unarmed           |   134 |   181 ||   315
       Punch             |       |     2 ||     2
 Cast: Blink             |       |     1 ||     1
Invok: Stomp             |       |     2 ||     2
 Stab: Sleeping          |     1 |     1 ||     2
  Eat: Chunk             |    12 |    19 ||    31
       Bread ration      |       |     1 ||     1
Armor: Robe              |    60 |    49 ||   109
Dodge: Dodged            |    78 |   104 ||   182
